 Dungeon Crawl Stone Soup version 0.20-a0-830-g2c9a30d (webtiles) character file.

15 kidcy the Sneak (level 2, 0/13 HPs)
             Began as a Spriggan Enchanter on Mar 6, 2017.
             Slain by an ooze (2 damage)
             ... on level 1 of the Dungeon.
             The game lasted 00:02:59 (914 turns).

kidcy the Sneak (Spriggan Enchanter)                 Turns: 914, Time: 00:02:59

Health: 0/13       AC:  3    Str:  4    XL:     2   Next: 34%
Magic:  7/7        EV: 18    Int: 16    God:
Gold:   47         SH:  0    Dex: 16    Spells: 6/7 levels left

rFire    . . .     SeeInvis +   a - +1 dagger
rCold    . . .     Gourm    .   b - +0 robe
rNeg     . . .     Faith    .   (shield restricted)
rPois    .         Spirit   .   (helmet restricted)
rElec    .         Reflect  .   g - +0 cloak
rCorr    .         Harm     .   (gloves unavailable)
MR       .....                  (boots unavailable)
Stlth    +++.......             (no amulet)
Regen    0.1/turn               (no ring)
MPRegen  0.1/turn               (no ring)

@: very quick
A: unfitting armour, see invisible, herbivore 3, speed 3, slow metabolism 2
a: no special abilities


You were on level 1 of the Dungeon.
You were not hungry.

You visited 1 branch of the dungeon, and saw 2 of its levels.

You collected 47 gold pieces.

Inventory:

Hand Weapons
 a - a +1 dagger (weapon)
Armour
 b - a +0 robe (worn)
 g - a +0 cloak (worn)
Scrolls
 e - a scroll of enchant weapon {unknown}
 i - a scroll of teleportation {unknown}
Potions
 h - 2 potions of degeneration {unknown}
Books
 c - a book of Maledictions

   Spells                             Type                      Level
   a - Corona                         Hexes                        1
   b - Ensorcelled Hibernation        Hexes/Ice                    2
   c - Confuse                        Hexes                        3
   d - Tukima's Dance                 Hexes                        3
   e - Dazzling Spray                 Conjuration/Hexes            3
Comestibles
 d - a bread ration
 f - 2 fruits


   Skills:
 + Level 1.5 Short Blades
 + Level 3.2 Dodging
 - Level 4.4 Stealth
 + Level 3.1 Spellcasting
 + Level 3.9 Hexes


You had 6 spell levels left.
You knew the following spells:

 Your Spells              Type           Power        Failure   Level  Hunger
a - Corona                Hex            ###....      4%          1    None


Dungeon Overview and Level Annotations

Branches:
Dungeon (2/15)

Altars:

Annotations:
D:2 Robin


Innate Abilities, Weirdness & Mutations

You are very small and have problems with some larger weapons.
You are too small for most types of armour.
You have supernaturally acute eyesight. (SInv)
You are a herbivore.
You cover ground extremely quickly.
You need consume almost no food.


Message History

You barely miss the jackal.
The jackal is almost dead.
The jackal bites you.
* * * LOW HITPOINT WARNING * * *
You hit the jackal but do no damage.
The jackal is almost dead.
The jackal misses you. The jackal closely misses you.
You hit the jackal.
You kill the jackal!
You start resting.
A jackal is nearby!
The ooze completely misses you.
The ooze jiggles.
There is a stone staircase leading down here.
The jackal barks!
The jackal barks! x2
The ooze hits you.
* * * LOW HITPOINT WARNING * * *
You hit the plant but do no damage. The ooze hits you.
You die...

(..# ##..#....######### ##...†##
...# #........# ###...÷
...####.##.....#### #..## ...
#.............# #..##
...#.#.........#.# #..##
..........P...P..# #..#.
....###.#........# #### #..#.
.... #.....<...J## #..# #..#.
...####........@.h###..# #..#.
..........P...P.#..h...# #..#.
K......>.......#####.(.#####..#.
................####......##....
...........##...................
..............>#..######.##.>...
...........#......### #.##.##..
.............###....# #....###.
..(..........###....####....# #.


You could see an ooze and 2 jackals.

Vanquished Creatures
  A leopard gecko (D:1)
  A giant cockroach (D:1)
  2 hobgoblins (D:1)
  5 jackals (D:1)
  A bat (D:1)
  A frilled lizard (D:1)
  A rat (D:1)
12 creatures vanquished.

Notes
Turn   | Place    | Note
-------+----------+-------------------------------------------
     0 | D:1      | kidcy the Spriggan Enchanter began the quest for the Orb.
     0 | D:1      | Reached XP level 1. HP: 9/9 MP: 5/5
   114 | D:2      | Noticed Robin
   434 | D:1      | Reached XP level 2. HP: 13/13 MP: 7/7
   914 | D:1      | Slain by an ooze

Vault maps used:
D:1:      dpeg_arrival_orchard
D:2:      first_bread, kennysheep_generic_room_6, uniq_robin, uniq_iyjb

Skill      XL: |  1 |
---------------+----+-----
Spellcasting   | 3 |  3.1
Short Blades   | |  1.5
Dodging        | |  3.2
Stealth        | |  4.4
Hexes          | |  3.9

Action                   || total
-------------------------++-------
Melee: Dagger            ||    84
 Cast: Corona            ||     2
 Stab: Sleeping          ||     2
Armor: Robe              ||     9
Dodge: Dodged            ||   100
